 Dungeon Crawl Stone Soup version 0.19-a0-1487-g96ce7ed (webtiles) character file.

57813 LORDOFBUTT the Severer (level 15, -3/123 HPs)
             Began as a Formicid Fighter on Sept 8, 2016.
             Was an Initiate of Gozag.
             Killed by divine providence
             ... invoked by an orc high priest
              (13 damage)
             ... on level 2 of the Orcish Mines.
             The game lasted 00:28:33 (17771 turns).

LORDOFBUTT the Severer (Formicid Fighter)          Turns: 17771, Time: 00:28:34

Health: -3/123     AC: 20    Str: 23    XL:     15   Next: 27%
Magic:  20/20      EV:  9    Int: 10    God:    Gozag
Gold:   4008       SH: 14    Dex: 15    Spells: 0 memorised, 14 levels left

rFire  + + .     SeeInvis +     h - +12 war axe "Unaeruogg" {flame, rF+}
rCold  . . .     Gourm    .     y - +0 chain mail
rNeg   . . .     Faith    .     c - +1 shield
rPois  .         Spirit   .     (helmet unavailable)
rElec  .         Dismiss  .     (no cloak)
rCorr  .         Reflect  .     l - +2 pair of gloves {Str+3}
MR     +....     Harm     .     G - +1 pair of boots
Stlth  +.........               (no amulet)
                                I - ring of protection from fire
                                p - ring of stealth

@: no status effects
A: permanent stasis, dig shafts and tunnels, four strong arms, antennae 3,
molten scales 1, regeneration 1
a: Dig, Shaft Self, Potion Petition, Call Merchant, Bribe Branch, Renounce
Religion


You were on level 2 of the Orcish Mines.
You worshipped Gozag.
Gozag was most pleased with you.
You were not hungry.

You visited 4 branches of the dungeon, and saw 22 of its levels.

You collected 5994 gold pieces.
You paid 1986 gold pieces to Gozag.

Inventory:

Hand Weapons
 a - a +1 war axe
 h - the +12 war axe "Unaeruogg" (weapon) {flame, rF+}
   (You found it on level 4 of the Dungeon)

   It has been specially enchanted to burn those struck by it, causing extra
   injury to most foes and up to half again as much damage against particularly
   susceptible opponents.
   Big, fiery blades are also staple armaments of hydra-hunters.
   It protects you from fire.
Armour
 b - a +0 scale mail
 c - a +1 shield (worn)
 l - a +2 pair of gloves of strength (worn)
 y - a +0 chain mail (worn)
 z - the +3 leather armour "Ocuez" {Slay+2}
   (You found it on level 6 of the Dungeon)

   It affects your accuracy and damage with ranged weapons and melee attacks
   (+2).
 G - a +1 pair of boots (worn)
Jewellery
 i - a cursed ring of stealth
 j - an uncursed amulet of harm
 p - a ring of stealth (left hand)
 r - an uncursed amulet of rage {unknown}
 w - an uncursed ring of stealth
 A - an uncursed ring of fire
 E - an uncursed amulet of magic regeneration
 I - a ring of protection from fire (right hand)
 L - an uncursed ring of protection from fire
 U - the ring "Woshrox" {-Tele rElec rPois EV+3, unknown}
   (You found it on level 12 of the Dungeon)

   [ring of evasion]

   It affects your evasion (+3).
   It insulates you from electricity.
   It protects you from poison.
   It prevents most forms of teleportation.
Wands
 e - a wand of digging (4/24)
 t - a wand of disintegration (10/24)
 u - a wand of slowing (30/48)
 x - a wand of flame (20/48)
 M - a wand of teleportation (4/9)
 R - a wand of disintegration (11/24)
 T - a wand of enslavement (11/24)
 X - a wand of lightning (7/15)
Scrolls
 k - 5 scrolls of fear
 m - 4 scrolls of magic mapping
 o - 9 scrolls of remove curse
 s - 5 scrolls of identify
 D - a scroll of amnesia {unknown}
 F - 2 scrolls of recharging {unknown}
 O - a scroll of summoning {unknown}
 Q - a scroll of enchant weapon
Potions
 d - 2 potions of agility
 q - 10 potions of curing
 v - 4 potions of brilliance
 C - 2 potions of flight
 H - 3 potions of heal wounds
 J - a potion of cancellation
 K - a potion of cure mutation
 P - a potion of resistance
 V - 2 potions of invisibility {unknown}
 W - a potion of ambrosia
Books
 g - a book of the Warp

   Spells                             Type                      Level
   a - Gell's Gravitas                Hexes/Translocation          3
   b - Force Lance                    Conjuration/Translocation    4
   c - Summon Forest                  Summoning/Translocation      5
   d - Dispersal                      Translocation                6
   e - Controlled Blink               Translocation                8
   f - Disjunction                    Translocation                8
 n - a book of Alchemy

   Spells                             Type                      Level
   a - Sublimation of Blood           Necromancy                   2
   b - Ignite Poison                  Fire/Transmutation/Poison    3
   c - Petrify                        Transmutation/Earth          4
   d - Alistair's Intoxication        Transmutation/Poison         5
   e - Irradiate                      Conjuration/Transmutation    5
 B - a book of Unlife

   Spells                             Type                      Level
   a - Recall                         Summoning/Translocation      3
   b - Animate Dead                   Necromancy                   4
   c - Control Undead                 Necromancy                   4
   d - Cigotuvi's Embrace             Necromancy                   5
   e - Death Channel                  Necromancy                   6
   f - Simulacrum                     Ice/Necromancy               6
 N - a book of Death

   Spells                             Type                      Level
   a - Corpse Rot                     Necromancy                   2
   b - Sublimation of Blood           Necromancy                   2
   c - Agony                          Necromancy                   5
   d - Dispel Undead                  Necromancy                   5
   e - Excruciating Wounds            Charms/Necromancy            5
   f - Bolt of Draining               Conjuration/Necromancy       5
 S - a book of Clouds

   Spells                             Type                      Level
   a - Mephitic Cloud                 Conjuration/Poison/Air       3
   b - Conjure Flame                  Conjuration/Fire             3
   c - Poisonous Cloud                Conjuration/Poison/Air       6
   d - Freezing Cloud                 Conjuration/Ice/Air          6
   e - Ring of Flames                 Charms/Fire                  7
Comestibles
 f - 10 bread rations
 Y - 3 fruits


   Skills:
 + Level 13.1 Fighting
 + Level 15.4 Axes
 + Level 11.6 Armour
 - Level 0.8 Dodging
 - Level 3.5 Stealth
 + Level 13.2 Shields
 * Level 6.7 Evocations


You had 14 spell levels left.
You didn't know any spells.

Dungeon Overview and Level Annotations

Branches:
Dungeon (14/15)            Temple (1/1) D:6            Lair (5/6) D:8
 Shoals (0/4) Lair:4        Snake (0/4) Lair:3          Orc (2/2) D:12
    Elf (0/3) Orc:2        Vaults (0/5) D:13
  Slime: Lair:5-6

Altars:
Ashenzari
Cheibriados
Dithmenos
Elyvilon
Fedhas
Gozag
Hepliaklqana
Kikubaaqudgha
Makhleb
Nemelex Xobeh
Okawaru
Qazlal
Ru
Sif Muna
Trog
Uskayaw
Vehumet
Xom
Yredelemnul
Zin
The Shining One
Beogh

Shops:
D:4 (   D:6 *   D:7 (   D:8 %   D:10 !(=(}   D:13 }

Annotations:
Orc:2 Nergalle, Urug


Innate Abilities, Weirdness & Mutations

You are under a permanent stasis effect.
You can dig through walls and to a lower floor.
Your four strong arms can wield two-handed weapons with a shield.
You have a pair of large antennae on your head. (SInv)
You are partially covered in molten scales. (AC +2)
Your natural rate of healing is unusually fast.


Message History

You closely miss Urug.
You hit the spectral orc warrior but do no damage.
The orc high priest is no longer distracted by gold.
You block the spectral orc warrior's attack.
You block the spectral orc knight's attack.
The orc is distracted by the nearby gold.
The orc high priest mumbles some strange prayers to Beogh.
The orc shouts!
You slash the spectral orc warrior! You burn the spectral orc warrior.
You destroy the spectral orc warrior!
You slash the spectral orc knight! You burn the spectral orc knight.
You closely miss Urug. You slash the spectral orc warrior!
You burn the spectral orc warrior.
You destroy the spectral orc warrior!
Urug hits you with an enchanted broad axe!!!
* * * LOW HITPOINT WARNING * * *
The orc high priest mumbles some strange prayers to Beogh against you.
Beogh smites you!
You die...
Your body crumbles into a pile of gold.

# #...........# ##
##.##.......# .#
#...##......# ##
##.#.#......# #
###...........#
###......#..##$## .
#......###......#####...
..#.#### ##......Z8oo.o.
....# ###.(.@$oo....
....#
###$o$oo4...._.......
...##
##.................
....# #..8.4...........
).### ######.........#
.## ......... ## #.....#
## #.....# .# #8$$o8#


You could see an orc warlord, an orc knight, Urug, Nergalle, an orc high priest,
a rust devil, a spectral orc knight, a chaos spawn, an orc warrior, an orc
wizard and an orc.

Vanquished Creatures
  Gastronok (Lair:3)
  The ghost of espais the Carver, a journeyman GrBe of Trog (Orc:2)
  Nessos (D:13)
  Snorg (D:11)
  Josephine (Orc:1)
  The ghost of dirge the Cleaver, a journeyman FoAK of Lugonu (Orc:1)
  Erolcha (D:9)
  Harold (Lair:3)
  Fannar (Lair:1)
  A hydra (Lair:1)
  8 vault guards (D:13)
  An unseen horror (D:11)
  A skeletal warrior (D:13)
  Pikel (D:6)
  A deep elf mage (D:12)
  5 hill giants
  An orc knight (Orc:1)
  7 ugly things
  2 cyclopes
  A griffon (Lair:4)
  3 orc sorcerers
  A manticore (Lair:4)
  2 black mambas
  4 rime drakes
  A gargoyle (D:12)
  11 spiny frogs
  3 kobold demonologists (D:11)
  3 komodo dragons
  An efreet (D:13)
  3 trolls
  2 meliai (D:13)
  A two-headed ogre (D:13)
  A boulder beetle (Lair:2)
  8 blink frogs
  6 wraiths
  2 shadows (D:13)
  A spriggan (D:7)
  2 basilisks (D:8)
  A wyvern (D:9)
  37 yaks
  Grum (D:9)
  7 hippogriffs
  5 hungry ghosts
  4 wargs
  13 water moccasins
  6 porcupines
  3 slaves (D:6)
  4 ice beasts
  17 orc warriors
  2 sky beasts
  2 phantoms (D:6)
  4 black bears
  An eye of draining (D:13)
  15 ogres
  4 centaurs
  8 wolves
  2 necrophages
  19 crocodiles
  4 big kobolds
  Blork the orc (D:6)
  13 giant frogs
  7 scorpions
  6 killer bees (D:11)
  2 jellies
  2 vampire bats (D:5)
  2 electric eels (Lair:1)
  7 crimson imps
  2 giant frog zombies
  2 centaur zombies
  A quasit (D:7)
  8 hounds
  5 giant frog skeletons
  15 orc priests
  19 orc wizards
  2 centaur skeletons
  16 iguanas
  Natasha (thrice) (D:3)
  6 worker ants
  6 ogre zombies (D:12)
  Robin (D:3)
  A worker ant zombie (D:10)
  7 gnolls
  14 adders
  28 river rats
  5 shadow imps
  An ooze (D:3)
  An adder zombie (D:9)
  5 worms
  5 dart slugs
  4 giant geckos
  55 orcs
  4 ball pythons
  12 bats
  4 giant cockroaches
  19 goblins
  9 hobgoblins
  10 jackals
  20 kobolds
  6 quokkas
  2 giant gecko skeletons
  7 giant newts
  2 goblin skeletons (D:12)
  2 goblin zombies (D:12)
  2 hobgoblin skeletons (D:12)
  A hobgoblin zombie (D:12)
  A jackal skeleton (D:5)
  4 orc skeletons (D:12)
  8 orc zombies (D:12)
  3 rats
  4 fungi
  4 plants
628 creatures vanquished.

Vanquished Creatures (collateral kills)
  A meliai (D:13)
1 creature vanquished.

Vanquished Creatures (others)
  A human (D:7)
  2 orc wizards
  An orc (D:7)
  A bush (D:8)
  2 fungi (D:8)
  6 plants
13 creatures vanquished.

Grand Total: 642 creatures vanquished

Notes
Turn   | Place    | Note
-------+----------+-------------------------------------------
     0 | D:1      | LORDOFBUTT the Formicid Fighter began the quest for the Orb.
     0 | D:1      | Reached XP level 1. HP: 18/18 MP: 1/1
   157 | D:1      | Reached XP level 2. HP: 21/24 MP: 2/2
   377 | D:1      | Reached XP level 3. HP: 22/29 MP: 3/3
   898 | D:2      | Reached XP level 4. HP: 32/36 MP: 4/4
  1346 | D:3      | Reached XP level 5. HP: 42/42 MP: 5/5
  1363 | D:3      | Noticed a giant frog
  1375 | D:3      | Killed a giant frog
  1375 | D:3      | Reached skill level 3 in Axes
  1702 | D:3      | Reached XP level 6. HP: 25/48 MP: 6/6
  1802 | D:3      | Noticed Robin
  1824 | D:3      | Killed Robin
  1824 | D:3      | Reached skill level 5 in Shields
  1956 | D:3      | Noticed Natasha
  1965 | D:3      | Killed Natasha
  1972 | D:3      | Noticed Natasha
  1982 | D:3      | Killed Natasha
  2136 | D:3      | Noticed Natasha
  2149 | D:3      | Killed Natasha
  2149 | D:3      | Reached skill level 5 in Armour
  2571 | D:4      | Noticed an ogre
  2577 | D:4      | Killed an ogre
  2577 | D:4      | Reached skill level 4 in Axes
  2577 | D:4      | Reached XP level 7. HP: 55/55 MP: 7/7
  2663 | D:4      | Gained mutation: You are somewhat resistant to further mutation. [potion of mutation]
  2663 | D:4      | Gained mutation: You are dopey. (Int -2) [potion of mutation]
  2664 | D:4      | Gained mutation: Your spells are a little harder to cast, but a little more powerful. [potion of mutation]
  2989 | D:4      | Found Xeredat's Antique Weapon Emporium.
  3037 | D:4      | Got a crystal war axe
  3038 | D:4      | Identified the +12 war axe "Unaeruogg" {flame, rF+} (You found it on level 4 of the Dungeon)
  3436 | D:4      | Reached skill level 5 in Fighting
  3593 | D:5      | Entered Level 5 of the Dungeon
  3717 | D:5      | Reached XP level 8. HP: 62/62 MP: 8/8
  3930 | D:5      | Reached skill level 5 in Axes
  4341 | D:6      | Noticed Pikel
  4351 | D:6      | Killed Pikel
  4372 | D:6      | Reached skill level 6 in Axes
  4372 | D:6      | Reached XP level 9. HP: 24/69 MP: 9/9
  4669 | D:6      | Found a staircase to the Ecumenical Temple.
  4690 | Temple   | Entered the Ecumenical Temple
  4883 | Temple   | Became a worshipper of Gozag Ym Sagoz the Greedy
  5023 | D:6      | Reached skill level 1 in Stealth
  5189 | D:6      | Reached skill level 7 in Axes
  5193 | D:6      | Got an ichor-stained leather armour
  5204 | D:6      | Identified the +3 leather armour "Ocuez" {Slay+2} (You found it on level 6 of the Dungeon)
  5277 | D:6      | Found Kooblec's Assorted Antiques.
  5323 | D:6      | Found an iron altar of Okawaru.
  5513 | D:6      | Noticed Blork the orc
  5518 | D:6      | Killed Blork the orc
  5623 | D:7      | Found a glowing golden altar of the Shining One.
  5705 | D:7      | Identified a scroll of acquirement
  5887 | D:7      | Found a hide-covered altar of Uskayaw.
  6022 | D:7      | Found an ancient bone altar of Kikubaaqudgha.
  6153 | D:7      | Reached XP level 10. HP: 79/79 MP: 10/10
  6246 | D:7      | Found Ybuavvou's Antique Weapon Boutique.
  6469 | D:8      | Reached skill level 8 in Axes
  6575 | D:8      | Found Liohaz's Food Emporium.
  6633 | D:8      | Reached skill level 9 in Axes
  6925 | D:8      | Found a staircase to the Lair.
  7411 | Lair:1   | Entered Level 1 of the Lair of Beasts
  7440 | Lair:1   | Reached XP level 11. HP: 72/89 MP: 11/11
  7446 | Lair:1   | Reached skill level 10 in Axes
  7840 | Lair:1   | Found a labyrinth entrance.
  7897 | Lair:1   | Reached skill level 10 in Shields
  7916 | Lair:1   | Noticed an eight-headed hydra
  7923 | Lair:1   | Killed a five-headed hydra
  7930 | Lair:1   | Reached skill level 10 in Fighting
  7930 | Lair:1   | Reached skill level 11 in Axes
  8282 | Lair:1   | Noticed Fannar
  8290 | Lair:1   | Killed Fannar
  8290 | Lair:1   | Reached XP level 12. HP: 50/98 MP: 12/12
  9323 | Lair:2   | Reached skill level 12 in Axes
 10351 | Lair:3   | Noticed Gastronok
 10363 | Lair:3   | Killed Gastronok
 10594 | Lair:3   | Found a staircase to the Snake Pit.
 10699 | Lair:3   | Noticed Harold
 10714 | Lair:3   | Killed Harold
 10961 | Lair:3   | Lost mutation: Your spells are a little harder to cast, but a little more powerful. [potion of cure mutation]
 10961 | Lair:3   | Lost mutation: You are dopey. (Int -2) [potion of cure mutation]
 10961 | Lair:3   | Lost mutation: You are somewhat resistant to further mutation. [potion of cure mutation]
 10962 | Lair:3   | Gained mutation: Your natural rate of healing is unusually fast. [potion of beneficial mutation]
 10963 | Lair:3   | Gained mutation: You are partially covered in molten scales. (AC +2) [potion of beneficial mutation]
 11369 | Lair:4   | Reached XP level 13. HP: 106/106 MP: 13/13
 11441 | Lair:4   | Found a staircase to the Shoals.
 11537 | Lair:4   | Reached skill level 13 in Axes
 11576 | Lair:4   | Reached skill level 10 in Armour
 12339 | D:9      | Noticed Erolcha
 12348 | D:9      | Killed Erolcha
 12381 | D:9      | Found a hazy altar of Hepliaklqana.
 12424 | D:9      | Found a stormy altar of Qazlal.
 12675 | D:9      | Noticed Grum
 12683 | D:9      | Killed Grum
 12888 | D:10     | Entered Level 10 of the Dungeon
 12910 | D:10     | Found Cemen's Weapon Emporium.
 12926 | D:10     | Found Wesiet's Antique Weapon Emporium.
 12986 | D:10     | Found Mocaest's Gadget Emporium.
 13003 | D:10     | Reached skill level 1 in Evocations
 13135 | D:10     | Found Tuef's Jewellery Shop.
 14012 | D:11     | Noticed Snorg
 14021 | D:11     | Killed Snorg
 14206 | D:11     | Reached skill level 14 in Axes
 14518 | D:12     | Found a staircase to the Orcish Mines.
 14534 | D:12     | Reached XP level 14. HP: 101/115 MP: 16/16
 14748 | D:12     | Got a shimmering steel ring
 15273 | Orc:1    | Entered Level 1 of the Orcish Mines
 15288 | Orc:1    | Found a roughly hewn altar of Beogh.
 15438 | Orc:1    | Noticed dirge's ghost (journeyman FoAK)
 15444 | Orc:1    | Noticed Josephine
 15461 | Orc:1    | Killed dirge's ghost
 15470 | Orc:1    | Killed Josephine
 15796 | Orc:2    | Entered Level 2 of the Orcish Mines
 15796 | Orc:2    | Noticed espais's ghost (journeyman GrBe)
 16325 | Orc:2    | Noticed an orc warlord
 16329 | Orc:2    | Found a roughly hewn altar of Beogh.
 16549 | D:13     | Reached skill level 5 in Evocations
 16608 | D:13     | Found a gate to the Vaults.
 16631 | D:13     | Reached skill level 15 in Axes
 16696 | D:13     | Found Hocsuapung's Gadget Shoppe.
 16717 | D:13     | Noticed Nessos
 16733 | D:13     | Killed Nessos
 17050 | D:13     | Reached XP level 15. HP: 122/122 MP: 19/19
 17552 | Orc:2    | Killed espais's ghost
 17745 | Orc:2    | Found a staircase to the Elven Halls.
 17751 | Orc:2    | Noticed Urug
 17760 | Orc:2    | Noticed Nergalle
 17771 | Orc:2    | Killed from afar by an orc high priest

Vault maps used:
D:1:      dpeg_arrival_arbitrary_b
D:3:      kennysheep_big_flooded_room, uniq_robin, uniq_natasha
D:4:      serial_shops, shop
D:5:      first_bread, minmay_misc_feat_hallway, minmay_strange_pillars,
          roderic_batcave, minivault_11
D:6:      serial_shops, nicolae_shop_waterfront, okawaru_altar_gauntlet_db,
          uniq_pikel, uniq_blork_the_orc
D:7:      overflow_temple_1_default, basic_altar, serial_shops,
          nicolae_shop_waterfront, the_bakery, tgw_kikubaaqudgha
D:8:      minmay_lair_entry_grove, serial_shops, nicolae_shop_stone, uniq_joseph
D:9:      nicolae_qazlal_general_emergency, overflow_temple_1_default,
          uniq_grum, uniq_erolcha
D:10:     serial_shops, kennysheep_little_box, nicolae_shop_crystal, shop, shop
D:11:     uniq_snorg
D:12:     zombieorc1_lemuel, minmay_misc_feat_doors
D:13:     erik_vaults_2, kennysheep_windowed_goal, uniq_nessos
D:14:     giant_chief_lemuel
Temple:   dpeg_five_rooms_temple
Lair:1:   lab_entry_generic, uniq_fannar
Lair:2:   infiniplex_staircase_pool
Lair:3:   minmay_snake_entry_six_corridors, uniq_gastronok, uniq_harold
Lair:4:   minmay_shoals_entry_beasts, grunt_megastairs_3
Lair:5:   nicolae_slime_entry_slimehenge, special_room, serial_bayou_shore_a
Orc:1:    basic_altar, uniq_josephine
Orc:2:    grunt_orc_cross

Skill      XL: |  1  2  3  4  5  6  7  8  9 10 11 12 13 14 15 |
---------------+----------------------------------------------+-----
Shields        | 4 5 6 7 8 9 10 11 12 13 | 13.2
Armour         | 4 5 6 7 8 9 10 11 | 11.6
Fighting       | 4 5 6 7 9 10 11 12 13 | 13.1
Axes           | 3 4 6 7 9 11 12 14 15 | 15.4
Stealth        | 1 2 3 |  3.5
Evocations     | 3 5 6 |  6.7
Dodging        | |  0.8

Action                   |  1- 3 |  4- 6 |  7- 9 | 10-12 | 13-15 || total
-------------------------+-------+-------+-------+-------+-------++-------
Melee: War axe           |   100 |   181 |   189 |   351 |   722 ||  1543
Invok: Potion Petition   |       |       |       |     1 |     1 ||     2
       Call Merchant     |       |       |       |       |     2 ||     2
Evoke: Wand              |       |       |       |       |     3 ||     3
  Use: Potion            |       |     2 |     3 |     6 |     3 ||    14
       Scroll            |       |     5 |     9 |     6 |     5 ||    25
 Stab: Distracted        |       |       |       |     2 |     5 ||     7
  Eat: Meat ration       |       |     1 |     2 |     1 |     3 ||     7
       Chunk             |       |     1 |     1 |       |       ||     2
       Beef jerky        |       |       |     2 |     1 |     1 ||     4
       Pizza             |       |       |     1 |     1 |     1 ||     3
       Bread ration      |       |       |       |     2 |     1 ||     3
       Fruit             |       |       |       |       |     3 ||     3
Armor: Scale mail        |    62 |    75 |    47 |       |       ||   184
       Skin              |       |       |     3 |       |       ||     3
       Leather armour    |       |       |    14 |    20 |       ||    34
       Chain mail        |       |       |       |    72 |   186 ||   258
Dodge: Dodged            |    33 |    72 |    52 |    90 |   121 ||   368
Block: Shield            |    90 |    95 |    86 |   152 |   356 ||   779
